[Event "Early-Titled-Tuesday-Blitz-September-26-2023"]
[Site "Chess.com"]
[Date "2023.09.26"]
[Round "11"]
[White "Juicy_Fork"]
[Black "BeautiFullMindChess"]
[Result "0-1"]
[WhiteElo "2469"]
[BlackElo "2382"]
[TimeControl "180+1"]
[EndTime "10:05:52 PDT"]
[Termination "BeautiFullMindChess won on time"]

1. e4 c5 2. Nf3 d6 3. d4 cxd4 4. Nxd4 Nf6 5. Nc3 a6 6. Bd3 e5 7. Nde2 Be7 8. O-O O-O 9. h3 b5 10. Be3 Bb7 11. f4 exf4 12. Nxf4 b4 13. Ncd5 Nxd5 14.
exd5 Nd7 15. Bd4 Bf6 16. Bxf6 Nxf6 17. Kh1 g6 18. Qf3 Nd7 19. Qg3 Ne5 20. Rae1 Rc8 21.
Be4 Rc7 22. Nh5 f5 23. Bxf5 Kh8 24. Rxe5 gxh5 25. Re6 Rcf7 26. Qd3 Qg5 27. Qd4+ Kg8 28. g4 hxg4 29. hxg4 Qh4+ 30. Kg2 Rxf5 31. Rxf5 Rxf5 32. Rxd6 Rf8 33. Rd7 Rf7 34. Rxf7 Kxf7 35. Qf4+ Qf6 36.
Qc7+ Qe7 37. Qf4+ Kg7 38. Qd4+ Qf6 0-1

[Event "Early-Titled-Tuesday-Blitz-September-26-2023"]
[Site "Chess.com"]
[Date "2023.09.26"]
[Round "11"]
[White "Zhigalko_Sergei"]
[Black "Shield12"]
[Result "1-0"]
[WhiteElo "2876"]
[BlackElo "2989"]
[TimeControl "180+1"]
[EndTime "10:05:55 PDT"]
[Termination "Zhigalko_Sergei won on time"]

1. e4 e5 2. Nf3 Nc6 3. Bb5 a6 4. Ba4 Nf6 5. O-O Nxe4 6. d4 b5 7. Bb3 d5 8. dxe5 Be6 9. Nbd2 Be7 10. c3 Nc5 11. Bc2 d4 12. Nb3 d3 13. Bb1 Nxb3 14.
axb3 Bf5 15. b4 O-O 16. h3 Qd7 17. Be3 a5 18. bxa5 Rxa5 19. Rxa5 Nxa5 20. Nd4 Nc4 21. Nxf5 Qxf5 22. Bxd3 Qxe5 23. Bd4 Qg5 24. b3 Nd6 25. f4 Qh6 26. Qf3 Bf6 27. Be5 Re8 28. Bxd6 cxd6 29. Bxb5 Rb8 30. Bc4 Qg6 31. Kh2 h5 32. Rd1 Rd8 33.
Rd5 h4 34. Rb5 Rd7 35. Bd3 Qh6 36. Rh5 Qxh5 37. Qxh5 1-0

[Event "Early-Titled-Tuesday-Blitz-September-26-2023"]
[Site "Chess.com"]
[Date "2023.09.26"]
[Round "11"]
[White "MaxLeto"]
[Black "twofoxniel"]
[Result "0-1"]
[WhiteElo "2517"]
[BlackElo "2657"]
[TimeControl "180+1"]
[EndTime "10:05:55 PDT"]
[Termination "twofoxniel won on time"]

1. g4 d5 2. Bg2 Bxg4 3. c4 c6 4. Qb3 Nf6 5. Qxb7 Nbd7 6. Nc3 e6 7. h3 Bh5 8. Nf3 Be7 9. b3 O-O 10. Qxc6 Rc8 11. Qa6 dxc4 12. O-O Qb6 13. Qxb6 Nxb6 14. Nb5 a6 15. Nbd4 Bc5 16. bxc4 Nxc4 17. d3 Nd6 18. Bf4 Rfe8 19. Nb3 Ba3 20. Ne5 Bxe2 21. Rfe1 Bh5 22.
Rab1 Nb5 23. Bc6 Red8 24. Bxb5 axb5 25. Na5 Nd5 26. Bg3 Bb4 27. Nac6 Bxe1 28. Nxd8 Bc3 29. Ndc6 b4 30. Na7 Ra8 31. Nec6 Bg6 32. Rd1 h6 33. Kf1 Kh7 34. Ke2 Bf6 35. Rb1 Nc3+ 36. Kd2 Nxb1+ 37. Kc2 Na3+ 38. Kb3 Bxd3 39. Kxb4 Nc2+ 40.
Kc5 Bg6 41. a4 Nd4 42. a5 Nxc6 43. Nxc6 Be4 44. a6 Bxc6 45. Kb6 Bd5 46. a7 Bd4+ 47. Kc7 Rxa7+ 48. Kd8 f6 0-1

[Event "Early-Titled-Tuesday-Blitz-September-26-2023"]
[Site "Chess.com"]
[Date "2023.09.26"]
[Round "11"]
[White "Barbix1"]
[Black "LUISMIGUELOV"]
[Result "1-0"]
[WhiteElo "2335"]
[BlackElo "2152"]
[TimeControl "180+1"]
[EndTime "10:05:58 PDT"]
[Termination "Barbix1 won by resignation"]

1. d4 d5 2. Nf3 c6 3. Bf4 Bf5 4. e3 Nd7 5. c4 e6 6. Nc3 Be7 7.
h3 Ngf6 8. Nh4 Be4 9. Bd3 Bxd3 10. Qxd3 Ne4 11. Nf3 f5 12. Ne5 Nxe5 13. Bxe5 O-O 14. g4 Bh4 15. O-O-O Nxf2 16. Qc2 Nxd1 17. Rxd1 Bg5 18. Qe2 f4 19. exf4 Bxf4+ 20. Bxf4 Rxf4 21.
Qxe6+ Kh8 22. cxd5 cxd5 23. Nxd5 Qc8+ 24. Qxc8+ Rxc8+ 25. Kb1 Rf2 26. Nc3 g6 27. d5 b5 28. d6 b4 29. d7 Rd8 30. Ne4 Rf7 31. Nc5 h5 32. Kc2 Kh7 33. Kb3 a5 34. Ka4 Rf2 35. b3 Rxa2+ 36. Kb5 a4 37. Nxa4 Rh2 38. gxh5 gxh5 39.
Nc5 Rxh3 40. Kxb4 h4 41. Re1 Rb8+ 42. Kc4 Rg3 43. Re8 Rbxb3 44. Nxb3 Rg4+ 45. Nd4 h3 46. d8=Q h2 47. Rh8+ Kg6 48. Rxh2 Rg5 49. Qxg5+ Kxg5 50. Rf2 Kg4 51. Kd5 Kg3 52. Rf3+ Kg2 53. Ke4 Kg1 54.
Kf4 Kg2 55. Kg4 Kh2 56. Rg3 Kh1 57. Kf3 Kh2 58. Kf2 1-0

[Event "Early-Titled-Tuesday-Blitz-September-26-2023"]
[Site "Chess.com"]
[Date "2023.09.26"]
[Round "11"]
[White "DanielNaroditsky"]
[Black "sergoy"]
[Result "0-1"]
[WhiteElo "3139"]
[BlackElo "2958"]
[TimeControl "180+1"]
[EndTime "10:06:04 PDT"]
[Termination "sergoy won on time"]

1. e4 c5 2. Nf3 d6 3. Bb5+ Nd7 4. O-O a6 5. Bd3 Ngf6 6. Re1 e6 7. c4 Rg8 8. Bf1 g5 9. d3 g4 10. Nfd2 Ne5 11.
Be2 h5 12. Nf1 h4 13. Bf4 Bd7 14. Nc3 Bc6 15. Ne3 Nh5 16. Bxe5 dxe5 17. Nxg4 Nf4 18. Bf3 Bd6 19. Ne2 Ng6 20. Qd2 Qe7 21. h3 O-O-O 22.
Qe3 Bc7 23. Rad1 Kb8 24. Kh1 Rgf8 25. a3 f5 26. exf5 Bxf3 27. Qxf3 exf5 28. Ne3 e4 29.
dxe4 Ne5 30. Qh5 fxe4 31. Nd5 Qg7 32. Nef4 Nd3 33. Nxd3 exd3 34. Qg4 Qxb2 35. Nxc7 Kxc7 36. Qxh4 Qxf2 37. Qe7+ Kb8 38. Qe5+ Ka8 39. Qe4 d2 40. Rg1 Rde8 41. Qd5 Rd8 42. Qe4 Rfe8 43. Qg4 Re1 44. Kh2 Qxg1+ 0-1

[Event "Early-Titled-Tuesday-Blitz-September-26-2023"]
[Site "Chess.com"]
[Date "2023.09.26"]
[Round "11"]
[White "blitzking1729"]
[Black "jcibarra"]
[Result "1-0"]
[WhiteElo "2788"]
[BlackElo "2938"]
[TimeControl "180+1"]
[EndTime "10:06:09 PDT"]
[Termination "blitzking1729 won by resignation"]

1. c4 e5 2. Nc3 Nf6 3. Nf3 d6 4. d4 e4 5. Ng5 Qe7 6. Qc2 Bf5 7. g3 h6 8. Nh3 c6 9. Bg2 g6 10. Qd1 Bg7 11. e3 Qe6 12. Nf4 Qxc4 13. a3 Qa6 14. h3 h5 15. Bf1 Qb6 16. h4 d5 17. b3 O-O 18. Be2 Nbd7 19. O-O Qd8 20. a4 a5 21. Ba3 Re8 22. Rb1 Ng4 23. b4 Bf8 24. Qb3 Qe7 25. Rfc1 Ndf6 26. Na2 Ra7 27. Rc3 axb4 28. Bxb4 Qd7 29. Bxf8 Rxf8 30. Rc2 Rfa8 31.
Nc3 Qd8 32. Rcb2 Bc8 33. Qb4 Kg7 34. Qc5 Ra5 35. Qb6 Qe7 36. Qb4 Qd8 37. Qb6 Qf8 38. Qxb7 Bxb7 39. Rxb7 R5a7 40. Ne6+ Kg8 41. Nxf8 Kxf8 42.
Rxa7 Rxa7 43. Rb6 Ke7 44. Rxc6 Nh6 45. Ba6 Nf5 46. Nb5 Ra8 47. Rc7+ Ke6 48. Bc8+ 1-0

[Event "Early-Titled-Tuesday-Blitz-September-26-2023"]
[Site "Chess.com"]
[Date "2023.09.26"]
[Round "11"]
[White "Iskusnyh"]
[Black "Crazy_girl99"]
[Result "1/2-1/2"]
[WhiteElo "2618"]
[BlackElo "2721"]
[TimeControl "180+1"]
[EndTime "10:06:09 PDT"]
[Termination "Game drawn - insufficient material"]

1. d4 Nf6 2. c4 e6 3. g3 d5 4. Bg2 Be7 5. Nf3 O-O 6. O-O dxc4 7. Na3 Bxa3 8. bxa3 Bd7 9. Ne5 Bc6 10. Nxc6 Nxc6 11. Bb2 Nd5 12. Rc1 Nb6 13. e4 Qd6 14. d5 exd5 15. exd5 Ne5 16. Bc3 Nd3 17. Rc2 Nxd5 18.
Ba1 b5 19. Qg4 f6 20. a4 a6 21. Be4 Rae8 22. axb5 axb5 23. a4 c6 24. Rb1 N5b4 25. Rd2 Qc5 26. axb5 cxb5 27. Bc3 Nd5 28. Ba1 b4 29.
Bxd3 cxd3 30. Rxd3 Kh8 31. h4 Qc6 32. Qf3 Ne7 33.
Qf4 Rb8 34. h5 h6 35. Rd6 Qc2 36. Re1 Nf5 37. Rd7 Rbe8 38. Rc1 Qe4 39. Qxe4 Rxe4 40. Rb7 Nd6 41. Rb6 Nf5 42. Bb2 Nd4 43. Kg2 Ne2 44.
Rc7 Nc3 45. Rbb7 Rg8 46. Bxc3 bxc3 47. Rxc3 Re5 48. g4 f5 49. f3 fxg4 50. fxg4 Rg5 51. Kh3 Rf8 52. Re3 Kg8 53. Rbe7 Rf7 54. R7e5 Rxe5 55.
Rxe5 Rf3+ 56. Kh4 Ra3 57. Re4 Kf7 58. Rb4 Kf6 59. Rb6+ Kf7 60. Rc6 Rb3 61. Rc4 Ra3 62. g5 hxg5+ 63. Kxg5 Ra5+ 64. Kg4 Kg8 65. Rf4 Kh7 66.
Rf5 Rxf5 67. Kxf5 Kh6 68. Kg4 g6 69. hxg6 Kxg6 1/2-1/2

[Event "Early-Titled-Tuesday-Blitz-September-26-2023"]
[Site "Chess.com"]
[Date "2023.09.26"]
[Round "11"]
[White "Elprofessor21"]
[Black "Denis_Makhnyov"]
[Result "0-1"]
[WhiteElo "2658"]
[BlackElo "2927"]
[TimeControl "180+1"]
[EndTime "10:06:10 PDT"]
[Termination "Denis_Makhnyov won on time"]

1. e4 g6 2. d4 Bg7 3. Nc3 d6 4. Be3 a6 5. a4 b6 6. Bc4 Nf6 7. Nf3 O-O 8. O-O Bb7 9. e5 Ne4 10.
Nxe4 Bxe4 11. Ng5 Bb7 12. e6 f5 13. Nf7 Qc8 14. d5 c6 15. Bd4 Bf6 16. Ra3 cxd5 17. Bxf6 exf6 18. Bxd5 Bxd5 19. Qxd5 Qc6 20. Qd4 Kg7 21.
Rh3 Nd7 22. Qh4 h5 23. Qf4 Rxf7 24. exf7 Ne5 25. Rc3 Qd7 26. Rd1 Nxf7 27. Qd4 Re8 28. Qxb6 Qxa4 29. Rc7 Qe4 30. h3 f4 31. Qb7 Qe6 32.
Qxa6 Re7 33. Rxe7 Qxe7 34. Qc4 f3 35. gxf3 Ng5 36. Kg2 Qd7 37. Rh1 Qb7 38. Qd3 Qxb2 39. h4 Nf7 40. f4 Nh6 41. Re1 Nf5 42. Kh3 Qb4 43. Qf3 Qxe1 44. Qb7+ Qe7 45. Qf3 Qe6 46.
Qb7+ Kh6 47. Kh2 Nxh4 48. c4 Qg4 49. Qc6 Nf3+ 0-1

[Event "Early-Titled-Tuesday-Blitz-September-26-2023"]
[Site "Chess.com"]
[Date "2023.09.26"]
[Round "11"]
[White "MidnightFox"]
[Black "luizzy"]
[Result "1-0"]
[WhiteElo "2506"]
[BlackElo "2621"]
[TimeControl "180+1"]
[EndTime "10:06:10 PDT"]
[Termination "MidnightFox won by checkmate"]

1. d4 d6 2. c4 e5 3. Nf3 e4 4. Nfd2 f5 5. e3 Nf6 6. Nc3 g6 7. b3 Bg7 8. Bb2 O-O 9. Qc2 c5 10. d5 Nbd7 11. Be2 Ne5 12. h3 Bd7 13. O-O-O b5 14.
cxb5 Qa5 15. Nc4 Nxc4 16. bxc4 a6 17. b6 Qxb6 18. Kd2 Rab8 19. Rb1 Qa5 20. Ba1 f4 21. exf4 Bf5 22. Rxb8 e3+ 23. fxe3 Bxc2 24. Rxf8+ Kxf8 25. Kxc2 Ne4 26. Nxe4 Qxa2+ 27. Kd3 Bxa1 28. Nxd6 Ke7 29. Ne4 Qb3+ 30. Kd2 Qb2+ 31. Kd3 Qa3+ 32. Kd2 Qa2+ 33. Kd3 a5 34. d6+ Kd8 35. Rd1 a4 36. Bf3 Qb3+ 37.
Ke2 Qxc4+ 38. Kf2 Bb2 39. d7 a3 40. Kg3 Qc2 41. Ng5 Qxd1 42. Bxd1 a2 43. Ba4 Ke7 44.
Ne6 Kxe6 45. d8=Q a1=Q 46. Bb3+ Kf5 47. Qd5+ Kf6 48. Qf7# 1-0

[Event "Early-Titled-Tuesday-Blitz-September-26-2023"]
[Site "Chess.com"]
[Date "2023.09.26"]
[Round "11"]
[White "borocotoajua"]
[Black "Qvalda"]
[Result "1-0"]
[WhiteElo "2567"]
[BlackElo "2386"]
[TimeControl "180+1"]
[EndTime "10:06:13 PDT"]
[Termination "borocotoajua won by checkmate"]

1. d4 e6 2. Nf3 Nf6 3. c4 b6 4. g3 Bb7 5. Bg2 Be7 6. O-O O-O 7. Nc3 Ne4 8. Qc2 Nxc3 9. Qxc3 Bf6 10. b3 Be4 11. Bb2 d5 12. Rfd1 Nd7 13. Qe3 Qc8 14. Rac1 Qb7 15. h4 a5 16. a3 a4 17. b4 dxc4 18. Rxc4 b5 19. Rcc1 Nb6 20. Ba1 Nc4 21.
Qf4 Bd5 22. g4 Nxa3 23. Rxc7 Qb8 24. Qc1 Nc4 25. Rc5 Be7 26. g5 Bxc5 27. dxc5 a3 28.
Qc3 f6 29. e4 Bxe4 30. Rd7 Qf4 31. Nd4 Bxg2 32. Rxg7+ Kh8 33. Nxe6 Qg4 34. gxf6 Qxe6 35. f7 Qe5 36. Qxe5 Nxe5 37. Bxe5 Rxf7 38. Rxf7+ Kg8 39.
Rg7+ Kf8 40. Kxg2 a2 41. Ba1 Rd8 42. Ra7 Rd2 43. c6 Rc2 44. c7 Ke8 45. Rxa2 Rxc7 46. Re2+ Kf7 47. Re4 Kg6 48. Be5 Rc2 49. Bg3 Kf5 50.
Re5+ Kg4 51. Rxb5 h5 52. Rg5# 1-0

[Event "Early-Titled-Tuesday-Blitz-September-26-2023"]
[Site "Chess.com"]
[Date "2023.09.26"]
[Round "11"]
[White "TatjanaVasilevich"]
[Black "Manukyan_Artak"]
[Result "1-0"]
[WhiteElo "2566"]
[BlackElo "2427"]
[TimeControl "180+1"]
[EndTime "10:06:16 PDT"]
[Termination "TatjanaVasilevich won on time"]

1. Nf3 c6 2. b3 d5 3. Bb2 Nf6 4. g3 Bg4 5. Bg2 Qc8 6. h3 Bf5 7. d3 a5 8. a4 Na6 9. Nbd2 h6 10.
Nh4 Bh7 11. O-O e6 12. e4 Be7 13. e5 Nd7 14. Nhf3 O-O 15. Re1 Nb4 16. Rc1 b5 17. Ba3 Re8 18. Nd4 bxa4 19. bxa4 Nb6 20. Bf1 Qd7 21.
c4 dxc4 22. Nxc4 Qxd4 23. Bb2 Qd8 24. Nd6 Bxd6 25. exd6 Qxd6 26. Qg4 e5 27. d4 f5 28.
Qd1 e4 29. d5 N6xd5 30. Qd4 Re7 31. Bc4 Bg6 32. Ba3 Kh7 33. Rcd1 Rd8 34. Qb2 Qe5 35. Qc1 Red7 36. Bb2 Qe7 37. Rd2 Qg5 38. h4 Qh5 39. Be2 e3 40. fxe3 Re8 41. Bxh5 Bxh5 42. Qb1 Bg6 43.
Qc1 Rde7 44. Bd4 f4 45. e4 Bxe4 46. Rde2 Nd3 47. Qd2 Nxe1 48. Rxe1 fxg3 49. Bc5 Re6 50. Bd4 g2 51. Qxa5 Nf4 52. Re3 1-0

[Event "Early-Titled-Tuesday-Blitz-September-26-2023"]
[Site "Chess.com"]
[Date "2023.09.26"]
[Round "11"]
[White "Javylavilla"]
[Black "LangesNasenhaar"]
[Result "0-1"]
[WhiteElo "2328"]
[BlackElo "2474"]
[TimeControl "180+1"]
[EndTime "10:06:16 PDT"]
[Termination "LangesNasenhaar won by resignation"]

1. e4 d5 2. exd5 Nf6 3. d4 Bg4 4. Be2 Bxe2 5. Nxe2 Qxd5 6. O-O e6 7. Nf4 Qf5 8. c4 Bd6 9. g3 Nc6 10. Nc3 O-O-O 11.
Nb5 Bxf4 12. Bxf4 e5 13. Bd2 Nxd4 14. Nxd4 Rxd4 15. Qe2 Rhd8 16. Be3 Rd3 17. Rad1 e4 18. b4 Qf3 19. Qxf3 exf3 20. Rc1 Ne4 21. a4 Nc3 22. Ra1 h6 23. a5 Kb8 24. b5 g5 25. b6 axb6 26.
axb6 Rd1 27. bxc7+ Kxc7 28. Raxd1 Rxd1 29. Rxd1 Nxd1 30. Bd4 Kc6 31. Kf1 b5 32. c5 b4 33. Ke1 Nc3 34.
Bg7 h5 35. Bf6 g4 36. Bd4 Ne4 37. Kd1 Nxc5 38. Kc2 Kd5 39. Be3 Kc4 40. Bf4 b3+ 41.
Kb1 Ne4 42. Be3 Kd3 43. Bb6 Ke2 44. Kb2 Nxf2 45. Kxb3 Nd1 46. Kc2 Ne3+ 47. Bxe3 f2 48. Bxf2 Kxf2 49. Kd3 Kg2 50. Ke3 Kxh2 51. Kf2 Kh3 0-1

[Event "Early-Titled-Tuesday-Blitz-September-26-2023"]
[Site "Chess.com"]
[Date "2023.09.26"]
[Round "11"]
[White "nicholas_ilic"]
[Black "emeli_chess"]
[Result "0-1"]
[WhiteElo "2235"]
[BlackElo "2359"]
[TimeControl "180+1"]
[EndTime "10:06:16 PDT"]
[Termination "emeli_chess won by checkmate"]

1. e4 c5 2. b3 d5 3. Bb2 d4 4. g3 e5 5. Bg2 Nc6 6. Ne2 Be6 7.
O-O Qd7 8. d3 Bh3 9. Nd2 h5 10.
f4 Bxg2 11. Kxg2 h4 12. f5 hxg3 13. Nxg3 Be7 14. Nf3 Bh4 15. Nxh4 Rxh4 16. Bc1 f6 17. Bd2 O-O-O 18. a3 Nge7 19. b4 Rdh8 20. Rh1 g6 21.
Qf3 gxf5 22. exf5 cxb4 23. axb4 a6 24. Rab1 Nd5 25. b5 axb5 26. Rxb5 Nf4+ 27. Bxf4 Rxf4 28. Qe2 Ne7 29. Rhb1 Nxf5 30. Rxb7 Qxb7+ 31. Rxb7 Ne3+ 32. Kg1 Kxb7 33. c4 Rg8 34. c5 Rf1+ 35. Qxf1 Nxf1 36. Kxf1 Kc6 37. Kf2 Rxg3 38. Kxg3 Kxc5 39.
h4 Kd5 40. h5 Ke6 41. Kg4 Kf7 42. Kf5 Kg7 43. h6+ Kxh6 44. Kxf6 e4 45. dxe4 d3 46. e5 d2 47. e6 d1=Q 48. e7 Qf3+ 49. Ke6 Qe4+ 50. Kd7 Qd5+ 51. Ke8 Kg6 52. Kf8 Qd6 53.
Ke8 Kf6 54. Kf8 Qxe7+ 55. Kg8 Qg7# 0-1

[Event "Early-Titled-Tuesday-Blitz-September-26-2023"]
[Site "Chess.com"]
[Date "2023.09.26"]
[Round "11"]
[White "Kirill_Klukin"]
[Black "Cambek64"]
[Result "1-0"]
[WhiteElo "2694"]
[BlackElo "2461"]
[TimeControl "180+1"]
[EndTime "10:06:17 PDT"]
[Termination "Kirill_Klukin won by resignation"]

1. e4 e6 2. d3 c5 3. Nd2 Nc6 4. Ngf3 d6 5. g3 g6 6. Bg2 Bg7 7. O-O Nge7 8. c3 b5 9. a4 b4 10. cxb4 Nxb4 11. Nc4 Rb8 12. Rb1 O-O 13. b3 Nec6 14.
Bb2 Bxb2 15. Rxb2 e5 16. h3 Be6 17. Qd2 Kg7 18. Kh2 h6 19. Rbb1 f5 20. exf5 gxf5 21.
Rbc1 f4 22. Qe2 Na5 23. Nxa5 Qxa5 24. Nxe5 dxe5 25. Qxe5+ Rf6 26. Qxb8 Nxd3 27. Rcd1 Qc3 28. Qxa7+ Rf7 29. Qa6 Bf5 30. Qc4 Qd4 31. Qxd4+ cxd4 32. Bd5 Rd7 33. Bc4 Ne5 34. gxf4 Ng6 35. Kg3 h5 36. h4 Kf6 37. Bd3 Rg7 38. Bxf5 Kxf5 39. Rxd4 Ne5+ 40. Kh3 Nf3 41. Rd3 Kxf4 42. a5 Rg4 43.
Rxf3+ Kxf3 44. a6 Rg8 45. a7 Ra8 46. Ra1 Kxf2 47. b4 Ke3 48. b5 Kd4 49. b6 Kc5 50. b7 Rxa7 51. Rxa7 Kb6 52. b8=Q+ 1-0

[Event "Early-Titled-Tuesday-Blitz-September-26-2023"]
[Site "Chess.com"]
[Date "2023.09.26"]
[Round "11"]
[White "Hasangatin_Ramil"]
[Black "Hrant_ChessMood"]
[Result "0-1"]
[WhiteElo "2735"]
[BlackElo "2909"]
[TimeControl "180+1"]
[EndTime "10:06:18 PDT"]
[Termination "Hrant_ChessMood won on time"]

1. e4 c5 2. Nf3 Nc6 3. Bb5 e6 4. Bxc6 bxc6 5. d3 Ne7 6. Qe2 Ng6 7. h4 h5 8. e5 d6 9. Nc3 dxe5 10. Nxe5 Nxe5 11.
Qxe5 Qd4 12. Bf4 f6 13. Qe4 Qxe4+ 14. dxe4 e5 15. Be3 Be6 16. Na4 c4 17. Bc5 Rb8 18. Bxf8 Rxf8 19. O-O-O Ke7 20. Rhe1 Rb5 21. Re3 Rfb8 22.
Ra3 g5 23. Rh1 g4 24. Rd1 a5 25. Nc3 Rxb2 26. Rxa5 R2b7 27. Rc5 Rb6 28. Ra5 R6b7 29.
Rd2 Rf8 30. g3 Rf7 31. Ra8 f5 32. Ra5 f4 33. Rxe5 fxg3 34. fxg3 Rf1+ 35. Rd1 Rf3 36. Ne2 Rb5 37. Rxb5 cxb5 38. Rg1 Re3 39. Nd4 Bd7 40. Nf5+ Bxf5 41. exf5 c3 42. a3 Kf6 43. Kb1 Re2 44. Ka2 Rxc2+ 45. Kb3 Rf2 46. Kxc3 Rf3+ 47. Kb4 Kxf5 48.
Rc1 Rxg3 49. Rc5+ Kf4 50. Rxb5 Rh3 51. Rxh5 g3 52. Kb5 g2 53. Rg5 Rg3 0-1

[Event "Early-Titled-Tuesday-Blitz-September-26-2023"]
[Site "Chess.com"]
[Date "2023.09.26"]
[Round "11"]
[White "artin10862"]
[Black "Agibileg"]
[Result "1-0"]
[WhiteElo "2887"]
[BlackElo "2683"]
[TimeControl "180+1"]
[EndTime "10:06:20 PDT"]
[Termination "artin10862 won by resignation"]

1. e4 e5 2. Nf3 Nc6 3. Bc4 Nf6 4. d3 Bc5 5. c3 d6 6. Bg5 h6 7. Bh4 g5 8. Bg3 a6 9. Bb3 Bg4 10. Nbd2 Nh5 11. Qc2 Qe7 12. Bd5 Qd7 13. d4 exd4 14. cxd4 Bb4 15. O-O O-O 16. Qd3 Ne7 17. Bxb7 Ra7 18.
Bxa6 Ng6 19. Bc4 Ngf4 20. Qe3 Bh3 21. Ne1 Re8 22. f3 Be6 23. Bxe6 Nxe6 24. Nd3 Ba5 25. Nc4 Rea8 26. Nxa5 Rxa5 27. a3 Ra4 28. d5 Neg7 29. Be1 Ne8 30. Bc3 f5 31. e5 dxe5 32.
Nc5 Qxd5 33. Rad1 f4 34. Rxd5 fxe3 35. Nxa4 Rxa4 36. Rxe5 Nd6 37. Rxe3 Nf4 38. Rd1 Nf5 39. Re5 Nd6 40. Re7 Kf8 41. Rxc7 Ra6 42. Bb4 Ke8 43. Rxd6 Rxd6 44. Bxd6 Nd5 45. Rh7 1-0

[Event "Early-Titled-Tuesday-Blitz-September-26-2023"]
[Site "Chess.com"]
[Date "2023.09.26"]
[Round "11"]
[White "vugarrasulov"]
[Black "Msb2"]
[Result "0-1"]
[WhiteElo "2956"]
[BlackElo "3086"]
[TimeControl "180+1"]
[EndTime "10:06:22 PDT"]
[Termination "Msb2 won on time"]

1. d4 d5 2. c4 e6 3. Nf3 Nf6 4. g3 Nc6 5. cxd5 exd5 6. Nc3 h6 7. Bg2 Bd6 8. O-O O-O 9. Bf4 Bxf4 10. gxf4 Ne7 11.
Ne5 Nf5 12. Kh1 c6 13. e3 Nd7 14. Rg1 Nxe5 15. fxe5 f6 16. exf6 Qxf6 17. Qh5 Be6 18. Ne2 g6 19. Qf3 g5 20. Ng3 Nh4 21. Qxf6 Rxf6 22. f4 Kh7 23. fxg5 hxg5 24. Raf1 Raf8 25. Rxf6 Rxf6 26. Rf1 Kg6 27. Rxf6+ Kxf6 28. Kg1 Bg4 29. Kf2 Ke6 30. Bf1 Kd6 31. Bd3 c5 32. dxc5+ Kxc5 33. Ne2 Nf3 34. Nc3 Ne5 35. Bf1 Bf5 36. b3 Ng4+ 37.
Ke2 Nxh2 38. Bg2 Be6 39. Na4+ Kd6 40. Nc3 Ke5 41. Nb5 a6 42. Nc7 Bf7 43. Na8 Bh5+ 44. Kd3 Bf3 45. Bxf3 Nxf3 46. Ke2 g4 47. Nb6 Ke4 48.
Nd7 d4 49. Nc5+ Kd5 50. Nxb7 d3+ 51. Kf2 d2 52. Ke2 g3 53. e4+ Ke5 54. Nc5 g2 55. Nd3+ Kd4 0-1

[Event "Early-Titled-Tuesday-Blitz-September-26-2023"]
[Site "Chess.com"]
[Date "2023.09.26"]
[Round "11"]
[White "Shuvalov"]
[Black "Journey_to_GrandMaster_YT"]
[Result "0-1"]
[WhiteElo "2484"]
[BlackElo "2610"]
[TimeControl "180+1"]
[EndTime "10:06:22 PDT"]
[Termination "Journey_to_GrandMaster_YT won by resignation"]

1. d4 d6 2. Nf3 Nf6 3. c4 Nbd7 4. Nc3 e5 5. e4 Be7 6. g3 O-O 7. Bg2 c6 8. O-O a6 9. d5 cxd5 10. cxd5 b5 11. h3 b4 12. Na4 Nxe4 13. Nxe5 Nxf2 14.
Rxf2 Nxe5 15. Be3 Bg5 16. Bb6 Qe8 17. Bd4 Bb7 18. Re2 Bf6 19. Rc1 Rc8 20. Nb6 Rxc1 21. Qxc1 Qb5 22. Qe3 Ng4 23. hxg4 Bxd4 24. Qxd4 Qxe2 25.
Qxb4 Qe3+ 26. Kh2 Qh6+ 27. Kg1 Qc1+ 28. Kh2 Qc5 29. Qxc5 dxc5 30. d6 Bxg2 31. Kxg2 Rd8 32. Nc4 f6 33. Kf3 Kf7 34. Ke4 Ke6 35. b3 g6 36. Kf4 h6 37. Ke4 Rb8 38. Kf4 Kd7 39.
Ke4 Kc6 40. Kf4 Re8 41. Kf3 Re1 42. Kf2 Ra1 43. a4 Rb1 44. Kg2 Rxb3 45. Na5+ Kxd6 46. Nxb3 c4 47. Nc1 Kc5 48. Kf3 Kb4 49. Ke4 Kxa4 50. Kd4 Kb4 51. Ne2 a5 52. Nc3 Kb3 53. Nd5 a4 54. Nxf6 a3 55. Ne4 a2 56. Nd2+ Kb4 57.
Nxc4 a1=Q+ 58. Kd3 Qc3+ 59. Ke4 Qxc4+ 60. Ke5 Qxg4 0-1

[Event "Early-Titled-Tuesday-Blitz-September-26-2023"]
[Site "Chess.com"]
[Date "2023.09.26"]
[Round "11"]
[White "RandomNoob04"]
[Black "Mops_2004"]
[Result "0-1"]
[WhiteElo "2619"]
[BlackElo "2762"]
[TimeControl "180+1"]
[EndTime "10:06:25 PDT"]
[Termination "Mops_2004 won by checkmate"]

1. e4 e5 2. d4 exd4 3. Qxd4 Nc6 4. Qe3 Nf6 5. e5 Ng4 6. Qe4 d5 7. exd6+ Be6 8. Ba6 Nf6 9. Qa4 Qc8 10. Qxc6+ bxc6 11. Bxc8 Rxc8 12. dxc7 Rxc7 13. Nf3 Bc4 14. Be3 Nd5 15. Nbd2 Nxe3 16. fxe3 Ba6 17. O-O-O Be7 18. Ne4 O-O 19. Nd6 g6 20. Rd2 Kg7 21. Rhd1 h5 22.
Ne4 Bc8 23. Nd4 Re8 24. Rd3 Bf8 25. Ng3 a6 26. Rc3 c5 27. Nb3 Bb7 28. e4 h4 29.
Nf1 Rxe4 30. Na5 Bc8 31. Rc4 Rxc4 32. Nxc4 Be7 33. Nfe3 Be6 34. c3 Bg5 35. Kc2 Re7 36. a4 Bxc4 37. Nxc4 Re2+ 38. Kb3 Rxg2 39. Rd6 Rxh2 40.
Rxa6 h3 41. Rd6 Rg2 42. Rd3 h2 43. Rh3 Bf4 44. a5 Rg1 45. a6 Ra1 46. Na3 h1=Q 47. Rxh1 Rxh1 48. a7 Rh8 49. Nb5 g5 50. Kc4 g4 51.
Nd6 Bxd6 52. a8=Q Rxa8 53. Kd5 g3 54. Kc6 g2 55. Kb7 Ra2 56. Kb6 Rxb2+ 57. Kc6 Bf8 58. c4 Rb4 59. Kd7 Rxc4 60. Kd8 Re4 61. Kd7 Kf6 62. Kc6 Ke6 63. Kb5 Kd5 64. Ka6 Rb4 65.
Ka5 Kc6 66. Ka6 Ra4# 0-1

[Event "Early-Titled-Tuesday-Blitz-September-26-2023"]
[Site "Chess.com"]
[Date "2023.09.26"]
[Round "11"]
[White "esrosenberg"]
[Black "Alina_Gumerovna"]
[Result "0-1"]
[WhiteElo "2369"]
[BlackElo "2198"]
[TimeControl "180+1"]
[EndTime "10:06:25 PDT"]
[Termination "Alina_Gumerovna won by resignation"]

1. Nf3 d5 2. d4 Nf6 3. c3 e6 4. Bg5 Be7 5. Nbd2 Nbd7 6. e3 O-O 7. Bd3 h6 8. Bh4 b6 9. Qe2 Bb7 10.
O-O c5 11. a4 Ne4 12. Bxe7 Qxe7 13. a5 f5 14. a6 Bc6 15. Rfc1 g5 16. b4 g4 17. Ne5 Nxe5 18. dxe5 Nxd2 19. Qxd2 c4 20. Bc2 Qg5 21. Qd4 f4 22. exf4 Qxf4 23. Qxf4 Rxf4 24. Re1 Raf8 25. Re2 d4 26. cxd4 Rxd4 27. Rd1 Rfd8 28. Rxd4 Rxd4 29. h3 gxh3 30. gxh3 Bb5 31. Re3 Bxa6 32.
Ra3 Bb5 33. Rxa7 Rd2 34. Bh7+ Kh8 35. Bg6 Bd7 36. b5 Bxb5 37. Rb7 Rd5 38. Rxb6 Rxe5 39.
h4 c3 40. Rb8+ Kg7 41. h5 Rc5 42. Bc2 Bc4 43. Rb4 Bd5 44. Rg4+ Kf6 45. Rg6+ Ke5 46.
Rxh6 Be4 47. Bxe4 Kxe4 48. Rxe6+ Kd3 49. Re3+ Kd2 50. Rxc3 Kxc3 51. Kg2 Kd4 52. Kf3 Rxh5 53. Kf4 Kd5 54. f3 Ke6 55. Kg4 Rf5 56. f4 Kf6 0-1

[Event "Early-Titled-Tuesday-Blitz-September-26-2023"]
[Site "Chess.com"]
[Date "2023.09.26"]
[Round "11"]
[White "Bilan_Danila"]
[Black "Antik5"]
[Result "0-1"]
[WhiteElo "2516"]
[BlackElo "2416"]
[TimeControl "180+1"]
[EndTime "10:06:29 PDT"]
[Termination "Antik5 won by resignation"]

1. d4 Nf6 2. Nf3 e6 3. g3 b5 4. Bg2 Bb7 5. O-O Be7 6. a4 b4 7.
c4 O-O 8. b3 d6 9. Bb2 c5 10.
d5 e5 11. Nbd2 Nbd7 12. e4 g6 13. Ne1 Nh5 14. Nd3 Bc8 15. f4 exf4 16. gxf4 Bf6 17. e5 Bg7 18. Ne4 Qh4 19. Nxd6 f5 20. Qf3 Ba6 21.
Nb5 Bb7 22. Nc7 Rac8 23. Ne6 Rfe8 24. Nxg7 Nxg7 25. Qe3 Ba8 26. Rf3 Qd8 27. Rd1 Nf6 28. Rff1 Ng4 29. Qf3 Qh4 30. h3 Nh6 31. e6 Nxe6 32.
Qf2 Qxf2+ 33. Kxf2 Nf8 34. Rfe1 Nf7 35. Ne5 Nd6 36.
Nc6 Bxc6 37. dxc6 Ne4+ 38. Bxe4 fxe4 39. Rd6 Re6 40. Rxe6 Nxe6 41. Rxe4 Rxc6 42. Ke3 Kf7 43. Re5 Ng7 44. Rd5 Nf5+ 45. Kf3 Ke6 46. Be5 Rc8 47. Ke4 Ng3+ 48. Kf3 Nf5 49. a5 Nh4+ 50. Kg4 Nf5 51. a6 Ne3+ 52. Kg5 Nxd5 53. cxd5+ Kxd5 0-1